 Dungeon Crawl Stone Soup version 0.27-a0-941-g386ccf399c (webtiles) character file.

Game seed: 17759258372719944398

363 ncdksnv the Digger (level 6, -4/32 HPs)
             Began as a Gargoyle Earth Elementalist on Apr 11, 2021.
             Slain by Pikel
             ... wielding a +0 whip of freezing
              (7 damage)
             ... on level 4 of the Dungeon.
             The game lasted 00:09:12 (4128 turns).

ncdksnv the Digger (Gargoyle Earth Elementalist)    Turns: 4128, Time: 00:09:12

Health: -4/32      AC:  8    Str: 12    XL:     6   Next: 67%
Magic:  3/12       EV: 11    Int: 17    God:
Gold:   132        SH:  0    Dex: 10    Spells: 4/13 levels left

rFire    . . .     SeeInvis .   i - +1 short sword (freeze)
rCold    . . .     Faith    .   (no shield)
rNeg     + . .     Spirit   .   c - +0 robe
rPois    ∞         Reflect  .   (no helmet)
rElec    +         Harm     .   (no cloak)
rCorr    .         Rampage  .   h - +0 pair of gloves
Will     .....                  a - +0 pair of boots
Stlth    ++........             (no amulet)
HPRegen  0.10/turn              (no ring)
MPRegen  0.13/turn              (no ring)

@: very slightly contaminated, hasted, very quick
A: AC +4, negative energy resistance 1, electricity resistance, torment
resistance 1, unbreathing 1, petrification resistance
a: no special abilities


You were on level 4 of the Dungeon.
You visited 1 branch of the dungeon, and saw 4 of its levels.

You collected 132 gold pieces.

Inventory:

Hand Weapons
 e - a +0 dagger
 f - a +0 flail
 i - a +1 short sword of freezing (weapon)
Missiles
 b - 94 stones
Armour
 a - a +0 pair of boots (worn)
 c - a +0 robe (worn)
 h - a +0 pair of gloves (worn)
Wands
 l - a wand of iceblast (12)
Scrolls
 j - a scroll of magic mapping
 k - a scroll of identify
Potions
 d - a potion of lignification
 g - a potion of haste


   Skills:
 - Level 1.5 Dodging
 - Level 2.1 Stealth
 + Level 4.1 Spellcasting
 + Level 3.4 Conjurations
 - Level 0.7 Transmutations
 + Level 6.0 Earth Magic


You had 4 spell levels left.
You knew the following spells:

 Your Spells              Type           Power      Damage    Failure   Level
a - Sandblast             Erth           48%        2d12      1%          1
b - Stone Arrow           Conj/Erth      38%        3d9       7%          3
c - Lee's Rapid Deconstr  Erth           12%        3d9*      36%         5

Your spell library contained the following spells:

 Spells                   Type           Power      Damage    Failure   Level
 Magic Dart               Conj           60%        1d6       3%          1
 Passwall                 Tmut/Erth      11%        N/A       6%          2
 Blink                    Tloc           N/A        N/A       24%         2
 Call Imp                 Summ           3%         N/A       24%         2
 Slow                     Hex            3%         N/A       24%         2
 Conjure Flame            Conj/Fire      9%         6-21      24%         3
 Mephitic Cloud           Conj/Pois/Air  7%         N/A       30%         3
 Petrify                  Tmut/Erth      14%        N/A       36%         4


Dungeon Overview and Level Annotations

Branches:
Dungeon (4/15)
 Temple: D:4-7

Altars:
Elyvilon
Sif Muna
The Shining One

Annotations:
D:4 Pikel


Innate Abilities, Weirdness & Mutations

Your stone body is resilient. (AC +4)
You are immune to poison.
You resist negative energy. (rN+)
You are resistant to electric shocks. (rElec)
You are resistant to unholy torment.
You can survive without breathing.
You are immune to petrification.


Message History

You hit Pikel but do no damage.
Pikel is lightly wounded.
Pikel hits you but does no damage.
You hit Pikel but do no damage.
Pikel is lightly wounded.
Pikel hits you with a +0 whip of freezing.
Pikel freezes you.
You hit Pikel but do no damage.
Pikel is lightly wounded.
Pikel hits you with a +0 whip of freezing.
Pikel freezes you.
You hit Pikel. You freeze Pikel.
Pikel is lightly wounded.
You hit Pikel but do no damage.
Pikel is lightly wounded.
Pikel hits you with a +0 whip of freezing.
Pikel freezes you.
You barely miss Pikel.
Pikel is lightly wounded.
Pikel closely misses you.
You closely miss Pikel.
Pikel is lightly wounded.
You hit Pikel but do no damage.
Pikel is lightly wounded.
Pikel hits you with a +0 whip of freezing.
* * * LOW HITPOINT WARNING * * *
Pikel freezes you.
* * * LOW HITPOINT WARNING * * *
You hit Pikel but do no damage.
Pikel is lightly wounded.
Pikel hits you with a +0 whip of freezing.
* * * LOW HITPOINT WARNING * * *
Pikel freezes you.
* * * LOW HITPOINT WARNING * * *
You completely miss Pikel.
Pikel is lightly wounded.
You miss Pikel.
Pikel is lightly wounded.
Pikel hits you with a +0 whip of freezing!
You die...

### ..## .## #
#.###5.... #.
#.@K55....
#.###.###5...#
#...## ...
##.## . #.# ##
#.# .# #.# .#
#.# .# #.#


You could see Pikel and 4 lemures.

Vanquished Creatures
  A hound (D:3)
  A jelly (D:2)
  2 orc priests (D:3)
  Terence (D:2)
  Jessica (D:2)
  Robin (D:2)
  5 adders
  4 gnolls (D:2)
  A worm (D:2)
  2 dart slugs (D:3)
  4 orcs (D:3)
  2 ball pythons
  9 bats
  8 endoplasms
  A giant cockroach (D:2)
  16 goblins
  5 hobgoblins
  6 jackals
  6 kobolds
  2 quokkas (D:2)
  4 frilled lizards
  5 rats
87 creatures vanquished.

Notes
Turn   | Place    | Note
-------+----------+-------------------------------------------
     0 | D:1      | ncdksnv the Gargoyle Earth Elementalist began the quest for
                  | the Orb.
     0 | D:1      | Reached XP level 1. HP: 10/10 MP: 3/3
   238 | D:1      | Reached XP level 2. HP: 15/15 MP: 3/5
   264 | D:1      | Reached skill level 4 in Earth Magic
   879 | D:1      | Found a faded altar of an unknown god.
  1094 | D:2      | Reached XP level 3. HP: 18/19 MP: 0/7
  1102 | D:2      | Learned a level 1 spell: Magic Dart
  1188 | D:2      | Reached skill level 1 in Conjurations
  1188 | D:2      | Reached XP level 4. HP: 10/24 MP: 4/8
  1450 | D:2      | Noticed Robin
  1506 | D:2      | Reached skill level 5 in Earth Magic
  1520 | D:2      | Killed Robin
  1521 | D:2      | Reached XP level 5. HP: 2/28 MP: 0/9
  2044 | D:3      | Learned a level 3 spell: Stone Arrow
  2375 | D:2      | Noticed Terence
  2380 | D:2      | Killed Terence
  2508 | D:2      | Learned a level 5 spell: Lee's Rapid Deconstruction
  3034 | D:2      | Noticed Jessica
  3035 | D:2      | Killed Jessica
  3086 | D:3      | Reached XP level 6. HP: 32/32 MP: 11/11
  3435 | D:3      | Found a glowing golden altar of the Shining One.
  3582 | D:3      | Reached skill level 6 in Earth Magic
  3592 | D:3      | Found a white marble altar of Elyvilon.
  3677 | D:3      | Found a shimmering blue altar of Sif Muna.
  4102 | D:4      | Noticed Pikel
  4128 | D:4      | Slain by Pikel

Illustrated notes

Levels and vault maps discovered:
D:1:      minmay_arrival_four_houses, layout_loops_ring,
          shapermc_ecumenical_altar_mp_urbaneastern
D:2:      layout_basic, minmay_ruptured, uniq_terence, uniq_robin, uniq_jessica
D:3:      layout_rooms, overflow_temple_1_default, elyvilon_altar_3,
          tso_metal_star
D:4:      layout_loops_corners, uniq_pikel

Skill      XL: |  1  2  3  4  5  6 |
---------------+-------------------+-----
Earth Magic    | 4 5 6 |  6.0
Spellcasting   | 3 4 |  4.1
Conjurations   | 1 2 3 |  3.4
Dodging        | |  1.5
Stealth        | |  2.1
Transmutations | |  0.7

Action                   |  1- 3 |  4- 6 || total
-------------------------+-------+-------++-------
Melee: Unarmed           |     9 |       ||     9
       Dagger            |    31 |    88 ||   119
       Short sword       |       |   121 ||   121
 Cast: Sandblast         |    21 |    17 ||    38
       Magic Dart        |       |    17 ||    17
       Stone Arrow       |       |     7 ||     7
       Lee's Rapid Decon |       |     3 ||     3
  Use: Scroll            |     1 |     2 ||     3
       Potion            |       |     3 ||     3
 Stab: Sleeping          |     2 |     2 ||     4
Armor: Robe              |    19 |   110 ||   129
Dodge: Dodged            |    24 |   142 ||   166

Table legend: (Time is in decaauts)
 A = Elapsed time spent in this place.
 B = Non-inter-level travel time spent in this place.
 C = Inter-level travel time spent in this place.
 D = Time resting spent in this place.
 E = Time spent auto-exploring this place.
 F = Levels seen in this place.
 G = Mean time per level.
                   A        B        C        D        E       F      G
               +--------+--------+--------+--------+--------+-----+--------+
         Total |   4117 |   4018 |     99 |    999 |   2203 |   4 | 1029.2 |
       Dungeon |   4117 |   4018 |     99 |    999 |   2203 |   4 | 1029.2 |
               +--------+--------+--------+--------+--------+-----+--------+

Top non-repeatable levels by time:
     D:2: 1666 daAuts
     D:1: 1166 daAuts
     D:3: 961 daAuts
     D:4: 323 daAuts
